 Dungeon Crawl Stone Soup version 0.20.0-15-g7f486f2 (webtiles) character file.

330 vishdafish the Skirmisher (level 6, -2/58 HPs)
             Began as a Gargoyle Fighter on June 18, 2017.
             Slain by an orc warrior
             ... wielding a +0 war axe
              (15 damage)
             ... on level 4 of the Dungeon.
             The game lasted 00:08:17 (3406 turns).

vishdafish the Skirmisher (Gargoyle Fighter)        Turns: 3406, Time: 00:08:18

Health: -2/58      AC: 11    Str: 25    XL:     6   Next: 51%
Magic:  6/6        EV:  8    Int:  8    God:
Gold:   238        SH: 10    Dex: 11    Spells: 5/5 levels left

rFire    x . .     SeeInvis +   a - +0 flail
rCold    + . .     Gourm    .   c - +0 shield
rNeg     + . .     Faith    .   b - +0 scale mail
rPois    ∞         Spirit   .   (no helmet)
rElec    +         Reflect  .   (no cloak)
rCorr    .         Harm     .   (no gloves)
MR       .....                  (no boots)
Stlth    ..........             (no amulet)
Regen    0.2/turn               k - ring of ice
MPRegen  0.1/turn               i - ring of see invisible

@: berserking, very quick
A: negative energy resistance 1, electricity resistance, unbreathing,
petrification resistance, rot immunity, AC +4
a: no special abilities


You were on level 4 of the Dungeon.
You were not hungry.

You visited 2 branches of the dungeon, and saw 5 of its levels.

You collected 238 gold pieces.

Inventory:

Hand Weapons
 a - a +0 flail (weapon)
 w - a +3 blowgun
Missiles
 x - 13 poisoned needles
Armour
 b - a +0 scale mail (worn)
 c - a +0 shield (worn)
 o - a +0 plate armour
Jewellery
 f - an uncursed ring of resist corrosion
 i - a ring of see invisible (right hand)
 k - a ring of ice (left hand)
 n - a cursed -2 ring of protection {unknown}
Wands
 y - a wand of enslavement (12/24)
Scrolls
 e - 2 scrolls of enchant armour {unknown}
 g - 4 scrolls of identify {unknown}
 h - 3 scrolls of remove curse {unknown}
 m - 2 scrolls of blinking {unknown}
 p - a scroll of magic mapping {unknown}
 q - 2 scrolls of enchant weapon {unknown}
 t - a scroll of teleportation {unknown}
 v - a scroll of immolation {unknown}
Potions
 d - a potion of might
 j - 2 potions of brilliance {unknown}
 l - a potion of curing {unknown}
 u - a potion of heal wounds {unknown}
Books
 s - a book of Cantrips

   Spells                             Type                      Level
   a - Confusing Touch                Hexes                        1
   b - Animate Skeleton               Necromancy                   1
   c - Summon Small Mammal            Summoning                    1
   d - Apportation                    Translocation                1
Comestibles
 z - 4 fruits
 A - a bread ration


   Skills:
 + Level 4.6 Fighting
 + Level 4.4 Maces & Flails
 * Level 4.1 Armour
 + Level 0.5 Dodging
 + Level 0.8 Stealth
 + Level 4.5 Shields


You had 5 spell levels left.
You didn't know any spells.

Dungeon Overview and Level Annotations

Branches:
Dungeon (4/15)             Temple (1/1) D:4

Altars:
Cheibriados
Dithmenos
Hepliaklqana
Kikubaaqudgha
Sif Muna
Xom


Innate Abilities, Weirdness & Mutations

You are resistant to torment.
Your stone body is resilient. (AC +4)
You are immune to poison.
You resist negative energy. (rN+)
You are resistant to electric shocks. (rElec)
You can survive without breathing.
You are immune to petrification.
You are immune to rotting.


Message History

The howler monkey hits you but does no damage.
A jackal skeleton comes into view.
You closely miss the orc warrior.
The orc warrior hits you but does no damage.
The howler monkey hits you. You block the howler monkey's attack.
The orc warrior closely misses you.
You closely miss the orc warrior. You block the orc's attack.
You block the howler monkey's attack.
The orc warrior hits you with a war axe!
You hit the orc warrior but do no damage.
The orc hits you with a falchion.
The howler monkey hits you but does no damage.
The orc warrior hits you with a war axe!
* * * LOW HITPOINT WARNING * * *
The orc barely misses you. You block the howler monkey's attack.
A red film seems to cover your vision as you go berserk!
You feel yourself moving faster!
You feel mighty! The orc hits you but does no damage.
The howler monkey closely misses you.
The orc warrior hits you with a war axe!
You die...

############
########..h........
#........@oZ[......
###.######..o........
..###...#
#...........
........#
#...........
.........##
#...........
..######..#
#..........% ..# #..#
#........... ..# #..#
#........... ..#
#..####....


You could see an orc warrior, a howler monkey, an orc and a jackal skeleton.

Vanquished Creatures
  The ghost of vishdafish the Shield-Bearer, an amateur GrFi (D:3)
  An orc priest (D:4)
  An orc wizard (Temple)
  A bullfrog skeleton (D:4)
  5 adders
  An ooze (D:2)
  2 worms
  A dart slug (D:2)
  A leopard gecko (D:1)
  5 orcs
  2 ball pythons
  6 bats
  4 giant cockroaches
  9 goblins
  9 hobgoblins
  6 jackals (D:1)
  5 frilled lizards
  6 kobolds
  9 rats
75 creatures vanquished.

Vanquished Creatures (others)
  7 toadstools (D:1)
7 creatures vanquished.

Grand Total: 82 creatures vanquished

Notes
Turn   | Place    | Note
-------+----------+-------------------------------------------
     0 | D:1      | vishdafish the Gargoyle Fighter began the quest for the Orb.
     0 | D:1      | Reached XP level 1. HP: 14/14 MP: 1/1
   271 | D:1      | Reached XP level 2. HP: 19/19 MP: 2/2
   499 | D:1      | Reached XP level 3. HP: 14/23 MP: 3/3
  1034 | D:2      | Reached XP level 4. HP: 28/29 MP: 4/4
  1573 | D:2      | Found a deep blue altar of Sif Muna.
  1573 | D:2      | Found a hazy altar of Hepliaklqana.
  1771 | D:3      | Noticed vishdafish's ghost (amateur GrFi)
  2508 | D:3      | Killed vishdafish's ghost
  2508 | D:3      | Reached XP level 5. HP: 33/33 MP: 5/5
  2919 | D:3      | Reached XP level 6. HP: 37/39 MP: 6/6
  3024 | D:4      | Found a staircase to the Ecumenical Temple.
  3046 | Temple   | Entered the Ecumenical Temple
  3396 | D:4      | Noticed an orc warrior
  3406 | D:4      | Slain by an orc warrior

Skill      XL: |  1  2  3  4  5 |
---------------+----------------+-----
Maces & Flails | 3 4 |  4.4
Shields        | 4 |  4.5
Fighting       | 4 |  4.6
Armour         | 4 |  4.1
Dodging        | |  0.5
Stealth        | |  0.8

Action                   |  1- 3 |  4- 6 || total
-------------------------+-------+-------++-------
Melee: Flail             |   147 |   163 ||   310
  Use: Potion            |       |     2 ||     2
  Eat: Bread ration      |       |     2 ||     2
       Royal jelly       |       |     1 ||     1
Armor: Scale mail        |    72 |    76 ||   148
Dodge: Dodged            |    43 |    57 ||   100
Block: Shield            |    71 |    90 ||   161
